 Dungeon Crawl Stone Soup version 0.31-a0-692-gf03d1854d5 (webtiles) character file.

Game seed: 832779787865200627

85 qw the Shooter (level 4, -3/28 HPs)
             Began as a Gargoyle Hunter on Sept 6, 2023.
             Slain by an ogre
             ... wielding a +0 giant club
              (17 damage)
             ... on level 3 of the Dungeon.
             The game lasted 00:00:41 (1888 turns).

qw the Shooter (Gargoyle Hunter)                    Turns: 1888, Time: 00:00:42

Health: -3/28      AC:  8    Str: 15    XL:     4   Next: 48%
Magic:  4/4        EV: 11    Int:  9    God:
Gold:   168        SH:  0    Dex: 15    Spells: 3/3 levels left

rFire   . . .        Y - +0 shortbow
rCold   . . .        (shield currently unavailable)
rNeg    + . .        g - +0 ring mail
rPois   inf          (no helmet)
rElec   +            (no cloak)
rCorr   .            (no gloves)
SInv    .            (no boots)
Will    +....        (no amulet)
Stlth   +            h - ring of willpower
HPRegen 0.24/turn    (no ring)
MPRegen 0.09/turn

%: no passive effects
@: no status effects
A: sickness immunity, AC +3, negative energy resistance 1, electricity
resistance, torment resistance 1, petrification resistance
a: no special abilities


You were on level 3 of the Dungeon.
You visited 1 branch of the dungeon, and saw 3 of its levels.

You collected 168 gold pieces.


Innate Abilities, Weirdness & Mutations

You are immune to sickness and miasma.
Your stone body is resilient. (AC +3)
You are immune to poison.
You resist negative energy. (rN+)
You are resistant to electric shocks. (rElec)
You are resistant to unholy torment.
You are immune to petrification.


   Skills:
 - Level 3.0 Fighting
 + Level 5.2 Ranged Weapons
 - Level 1.2 Armour
 - Level 1.5 Dodging
 - Level 1.1 Stealth


You had 3 spell levels left.
You didn't know any spells.
Your spell library was empty.

Inventory:

Hand Weapons
 Y - a +0 shortbow (weapon)
Armour
 g - a +0 ring mail (worn)
Jewellery
 h - a ring of willpower (left hand)
Scrolls
 a - a scroll of silence {unknown}
Potions
 c - a potion of haste {unknown}

Dungeon Overview and Level Annotations

Branches:
Dungeon (3/15)

Altars:
Hepliaklqana
Nemelex Xobeh


Message History

The bat hits you but does no damage. The bat barely misses you.
You shoot an arrow. The arrow hits the bat!
You kill the bat!
A quokka comes into view.
You shoot an arrow. The arrow hits the quokka!
You kill the quokka!
A ball python comes into view.
Found a sparkling altar of Nemelex Xobeh.
The ball python hisses angrily.
A frilled lizard comes into view.
You shoot an arrow. The frilled lizard hisses angrily.
The arrow hits the ball python.
You kill the ball python!
You shoot an arrow. The arrow hits the frilled lizard!
You kill the frilled lizard!
An ogre comes into view. It is wielding a +0 giant club.
You shoot an arrow. The arrow closely misses the ogre.
You shoot an arrow. The arrow hits the ogre!
The ogre is moderately wounded.
You shoot an arrow. The arrow completely misses the ogre.
You shoot an arrow.
The arrow hits the ogre but does no damage.
The ogre is moderately wounded.
You shoot an arrow. The arrow barely misses the ogre.
The ogre hits you with a +0 giant club!
Ouch! That really hurt!
You shoot an arrow. The arrow hits the ogre!
The ogre is heavily wounded.
You shoot an arrow. The arrow hits the ogre.
The ogre is severely wounded.
The ogre closely misses you.
You shoot an arrow. The arrow barely misses the ogre.
The ogre closely misses you.
You shoot an arrow.
The arrow hits the ogre but does no damage.
The ogre is severely wounded.
The ogre hits you with a +0 giant club!
Ouch! That really hurt!
You die...

. ..... .... . ...#
###.._.~~..~ .. ####..#
#......~~..~
...##.....###..##.~~..~~
#.#.......##.##..~~..~.
#...............~~..~~.
#...............~~%.~..
#.%<...........~~..~..
#>............@O~..~..
#......[..#...~~?.~~..
##....>...#...~~..~...
............#..~~..~~.#.
............#..~..~~....
###.........##.~..~~%_..
...........##.~..~~....
###............~~..~~...
##.........#


You could see an ogre.

Vanquished Creatures
  2 adders (D:2)
  8 bats
  5 endoplasms
  2 giant cockroaches
  7 goblins (D:1)
  6 hobgoblins
  7 jackals
  8 quokkas
  3 ball pythons
  3 frilled lizards
  4 kobolds
  3 rats
58 creatures vanquished.

Notes
Turn   | Place    | Note
-------+----------+-------------------------------------------
     0 | D:1      | qw the Gargoyle Hunter began the quest for the Orb.
     0 | D:1      | Reached XP level 1. HP: 12/12 MP: 1/1
     0 | D:1      | 0 ||| qw: Version: 0.3-a-76-g4403597
     0 | D:1      | 0 ||| qw: Game counter: 122
     0 | D:1      | 0 ||| qw: Melee chars always use a shield: true
     0 | D:1      | 0 ||| qw: God list: Okawaru
     0 | D:1      | 0 ||| qw: Allow faded altars: false
     0 | D:1      | 0 ||| qw: Do Orc after clearing Dungeon:15 true
     0 | D:1      | 0 ||| qw: Do second Lair branch before Depths: true
     0 | D:1      | 0 ||| qw: Lair rune preference: random
     0 | D:1      | 0 ||| qw: Goals: Normal
     0 | D:1      | 0 ||| PLANNING D:1-11
    64 | D:1      | Reached XP level 2. HP: 17/17 MP: 2/2
   460 | D:1      | Reached XP level 3. HP: 21/21 MP: 3/3
   478 | D:1      | Reached skill level 5 in Ranged Weapons
   737 | D:1      | Found a faded altar of an unknown god.
  1029 | D:1      | 1029 ||| UPGRADING to +0 ring mail.
  1039 | D:1      | 1039 ||| DROPPING +0 leather armour.
  1040 | D:1      | 1040 ||| UPGRADING to ring of willpower.
  1041 | D:1      | 1041 ||| READING scroll labelled MINUSKU IBBOE.
  1042 | D:1      | 1042 ||| READING scroll labelled NOCREO YRUDGHO.
  1046 | D:1      | 1046 ||| DRINKING 2 silvery potions.
  1151 | D:1      | 1151 ||| DROPPING scroll of butterflies.
  1152 | D:1      | 1152 ||| DROPPING potion of berserk rage.
  1175 | D:2      | 1175 ||| STAIRDANCE
  1292 | D:2      | Reached skill level 1 in Armour
  1301 | D:2      | 1301 ||| FLEEEEING.
  1302 | D:2      | 1302 ||| FLEEEEING.
  1303 | D:2      | 1303 ||| FLEEEEING.
  1304 | D:2      | 1304 ||| FLEEEEING.
  1305 | D:2      | 1305 ||| FLEEEEING.
  1306 | D:2      | 1306 ||| FLEEEEING.
  1307 | D:2      | 1307 ||| FLEEEEING.
  1308 | D:2      | 1308 ||| FLEEEEING.
  1309 | D:2      | 1309 ||| FLEEEEING.
  1355 | D:2      | Reached skill level 3 in Fighting
  1355 | D:2      | Reached XP level 4. HP: 28/28 MP: 4/4
  1776 | D:2      | 1776 ||| READING scroll labelled GAMENI POFERRI.
  1777 | D:2      | 1777 ||| READING scroll labelled ENWOON IWNO.
  1828 | D:3      | 1828 ||| STAIRDANCE
  1840 | D:3      | 1840 ||| STAIRDANCE
  1866 | D:3      | Found a hazy altar of Hepliaklqana.
  1875 | D:3      | Found a sparkling altar of Nemelex Xobeh.
  1879 | D:3      | Noticed an ogre
  1888 | D:3      | Slain by an ogre

Levels and vault maps discovered:
D:1:      elethiomel_arrival_infinity_welcomes_careful_drivers, layout_basic,
          hellmonk_ecumenical_altar_heavens_door, st_stairs_3
D:2:      layout_loops_cross, minmay_small_reverse_x
D:3:      layout_rooms, mainiacjoe_overflow_catch_the_wave, uniq_natasha,
          uniq_sigmund, uniq_terence

Skill      XL: |  1  2  3 |
---------------+----------+-----
Ranged Weapons | 5 |  5.2
Armour         | 1 |  1.2
Fighting       | 3 |  3.0
Dodging        | |  1.5
Stealth        | |  1.1

Action                     |  1- 3 |  4- 6 || total
---------------------------+-------+-------++-------
   Fire: Shortbow          |    94 |    58 ||   152
    Use: Scroll            |     2 |     2 ||     4
         Potion            |     1 |       ||     1
 Armour: Leather armour    |     5 |       ||     5
         Ring mail         |    18 |    15 ||    33
  Dodge: Dodged            |    21 |    23 ||    44

Table legend:
 A = Non-vault XP
 B = Vault XP
 C = Vault XP percentage of total XP
 D = Non-vault monster count
 E = Vault monster count
 F = Vault count percentage of total count
                 A         B        C        D         E       F
            +---------+---------+-------+---------+---------+-------
      Total |     112 |      10 |   8.2 |      52 |       6 |  10.3
            +---------+---------+-------+---------+---------+-------
        D:1 |      47 |       3 |   6.0 |      27 |       2 |   6.9
        D:2 |      58 |       7 |  10.8 |      20 |       4 |  16.7
        D:3 |       7 |       0 |   0.0 |       5 |       0 |   0.0
            +---------+---------+-------+---------+---------+-------
